 Dungeon Crawl Stone Soup version 0.30-a0-540-g0af01429fa (webtiles) character file.

Game seed: 8735329435926559453

2 porpoise the Caller (level 1, 0/13 HPs)
             Began as a Barachi Summoner on Dec 26, 2022.
             Slain by a rat (2 damage)
             ... on level 1 of the Dungeon.
             The game lasted 00:01:02 (108 turns).

porpoise the Caller (Barachi Summoner)               Turns: 108, Time: 00:01:03

Health: 0/13       AC:  2    Str:  9    XL:     1   Next: 30%
Magic:  2/3        EV: 12    Int: 15    God:
Gold:   42         SH:  0    Dex: 12    Spells: 3/4 levels left

rFire   . . .      SeeInvis .    a - +0 flail
rCold   . . .      Faith    .    (no shield)
rNeg    . . .      Spirit   .    c - +0 robe
rPois   .          Reflect  .    (no helmet)
rElec   .          Harm     .    (no cloak)
rCorr   .          Rampage  .    (no gloves)
Will    .....                    (no boots)
Stlth   ++                       (no amulet)
HPRegen 0.22/turn                (no ring)
MPRegen 0.08/turn                (no ring)

@: slow
A: amphibious, slowness 1, strong legs 1, +LOS
a: Hop


You were on level 1 of the Dungeon.
You visited 1 branch of the dungeon, and saw 1 of its levels.

You collected 42 gold pieces.

Inventory:

Hand Weapons
 a - a +0 flail (weapon)
Armour
 c - a +0 robe (worn)
Scrolls
 d - a scroll of teleportation {unknown}
 e - a scroll of fear {unknown}
Potions
 b - a potion of magic


   Skills:
 - Level 2.1 Dodging
 - Level 1.7 Stealth
 + Level 2.2 Spellcasting
 + Level 4.9 Summonings


You had 3 spell levels left.
You knew the following spells:

 Your Spells              Type           Power      Damage    Failure   Level
a - Summon Small Mammal   Summ           64%        N/A       3%          1

Your spell library contained the following spells:

 Spells                   Type           Power      Damage    Failure   Level
 Call Imp                 Summ           16%        N/A       4%          2
 Call Canine Familiar     Summ           16%        N/A       9%          3
 Summon Guardian Golem    Hex/Summ       9%         N/A       24%         3
 Summon Lightning Spire   Summ/Air       9%         N/A       61%         4


Dungeon Overview and Level Annotations

Branches:
Dungeon (1/15)

Altars:


Innate Abilities, Weirdness & Mutations

You are amphibious.
You cover ground slowly.
You can hop short distances.
You have an extended range of vision and can be seen from far away.


Message History

Your quokka barely misses the bat.
You completely miss the rat. The bat closely misses your quokka.
The rat completely misses you.
Your quokka bites the bat.
You barely miss the rat. The bat barely misses your quokka.
The bat hits your quokka but does no damage.
The rat barely misses you. The kobold misses you. The rat bites you.
You barely miss the rat.
Your quokka bites the rat.
The rat dies!
The rat barely misses your quokka. The kobold hits you with a +0 whip.
The bat hits your quokka.
You closely miss the kobold. The bat hits your quokka. The kobold misses you.
Your quokka barely misses the kobold.
The bat hits your quokka but does no damage.
The rat closely misses your quokka. The kobold closely misses you.
Your quokka misses the bat.
Your magical contamination has completely faded away.
You closely miss the kobold. The bat barely misses your quokka.
Your quokka barely misses the bat.
The kobold hits you with a +0 whip. The rat barely misses your quokka.
The bat barely misses your quokka.
You are too injured to fight recklessly!
You are too injured to fight recklessly!
You barely miss the kobold. The bat misses your quokka.
The kobold barely misses you.
A hobgoblin comes into view.
The bat barely misses your quokka.
Your quokka bites the bat but does no damage.
You hit the kobold.
The kobold is moderately wounded.
The bat closely misses your quokka. The kobold barely misses you.
The rat misses you. The rat completely misses you.
The kobold closely misses you.
You hit the kobold.
The kobold is severely wounded.
The kobold hits you with a +0 whip.
* * * LOW HITPOINT WARNING * * *
The rat closely misses you.
You hit the kobold.
You kill the kobold!
The bat barely misses you. The rat bites you.
You die...

#..# #..#
####.############..#
#..[......#........#
#......#...........#
.......#.##........#
.......#.##........#
.......#+#####+##..#
.....#.............#
.....#....?###..@b.#
.....#.... #g#r).#
##...+.... #...r...#
#†#.#.#.# .......>#
.. ......#
.#.######## ..# ..


You could see a hobgoblin, a bat (ally target), a rat and a friendly quokka
(summoned).

Vanquished Creatures
  2 kobolds (D:1)
2 creatures vanquished.

Vanquished Creatures (collateral kills)
  2 rats (D:1)
2 creatures vanquished.

Grand Total: 4 creatures vanquished

Notes
Turn   | Place    | Note
-------+----------+-------------------------------------------
     0 | D:1      | porpoise the Barachi Summoner began the quest for the Orb.
     0 | D:1      | Reached XP level 1. HP: 13/13 MP: 3/3
   108 | D:1      | Slain by a rat

Illustrated notes

Levels and vault maps discovered:
D:1:      giann_bridges, layout_basic

Action                   || total
-------------------------++-------
Melee: Flail             ||    10
 Cast: Summon Small Mamm ||     2
Dodge: Dodged            ||    13

Table legend: (Time is in decaauts)
 A = Elapsed time spent in this place.
 B = Non-inter-level travel time spent in this place.
 C = Inter-level travel time spent in this place.
 D = Time resting spent in this place.
 E = Time spent auto-exploring this place.
 F = Levels seen in this place.
 G = Mean time per level.
                   A        B        C        D        E       F      G
               +--------+--------+--------+--------+--------+-----+--------+
         Total |    126 |    126 |      0 |      5 |     77 |   1 |  126.0 |
       Dungeon |    126 |    126 |      0 |      5 |     77 |   1 |  126.0 |
               +--------+--------+--------+--------+--------+-----+--------+

Top non-repeatable levels by time:
     D:1: 126 daAuts
